 Dungeon Crawl Stone Soup version 0.31-a0-246-g8cbcc1cb85 (webtiles) character file.

Game seed: 8427677739643481473

166 qw the Shooter (level 5, -1/41 HPs)
             Began as a Minotaur Hexslinger on July 12, 2023.
             Slain by Pikel
             ... wielding a +2 whip of flaming
              (4 damage)
             ... on level 4 of the Dungeon.
             The game lasted 00:01:00 (2210 turns).

qw the Shooter (Minotaur Hexslinger)                Turns: 2210, Time: 00:01:00

Health: -1/41      AC:  8    Str: 13    XL:     5   Next: 22%
Magic:  5/5        EV: 11    Int: 10    God:
Gold:   159        SH:  5    Dex: 14    Spells: 5/6 levels left

rFire   . . .        m - +0 arbalest
rCold   + . .        (shield currently unavailable)
rNeg    . . .        j - +0 ring mail
rPois   .            (helmet restricted)
rElec   .            (no cloak)
rCorr   .            c - +0 pair of gloves
SInv    .            a - +1 pair of boots
Will    .....        i - amulet of reflection
Stlth   +            g - ring of protection from cold
HPRegen 0.26/turn    (no ring)
MPRegen 0.09/turn

%: reflection
@: no status effects
A: horns 2, retaliatory headbutt
a: no special abilities


You were on level 4 of the Dungeon.
You visited 1 branch of the dungeon, and saw 4 of its levels.

You collected 159 gold pieces.


Innate Abilities, Weirdness & Mutations

You have a pair of horns on your head.
You reflexively headbutt those who attack you in melee.


   Skills:
 + Level 2.0 Fighting
 - Level 5.7 Ranged Weapons
 - Level 1.0 Armour
 - Level 2.1 Dodging
 - Level 1.0 Spellcasting
 - Level 2.0 Hexes


You had 5 spell levels left.
You knew the following spells:

 Your Spells              Type           Power      Damage    Failure   Level
a - Slow                  Hex            16%        N/A       32%         1

Your spell library contained the following spells:

 Spells                   Type           Power      Damage    Failure   Level
 Inner Flame              Hex/Fire       2%         N/A       82%         3
 Portal Projectile        Hex/Tloc       4%         N/A       82%         3
 Cause Fear               Hex            2%         N/A       97%         4

Inventory:

Hand Weapons
 m - a +0 arbalest (weapon)
Armour
 a - a +1 pair of boots (worn)
 c - a +0 pair of gloves (worn)
 j - a +0 ring mail (worn)
Jewellery
 g - a ring of protection from cold (left hand)
 i - an amulet of reflection (around neck)
Scrolls
 b - a scroll of identify
Potions
 e - a potion of attraction {unknown}
 f - 4 potions of heal wounds
 h - a potion of haste
 k - a potion of cancellation {unknown}
 l - a potion of ambrosia {unknown}

Dungeon Overview and Level Annotations

Branches:
Dungeon (4/15)
 Temple: D:4-7

Altars:

Annotations:
D:1 exclusion: 3 gnolls
D:3 2 transporters, qw's ghost, amateur GrHs
D:4 Pikel


Message History

You shoot a bolt. The bolt hits the ogre.
The ogre is moderately wounded.
The ogre closely misses you.
Pikel drinks a potion.
Pikel seems to speed up.
The ogre barely misses you.
You shoot a bolt. The bolt barely misses the ogre.
The bolt hits the lemure.
The lemure is lightly wounded.
You block the ogre's attack.
You shoot a bolt. The bolt hits the ogre!
The ogre is almost dead.
You block the ogre's attack.
You shoot a bolt. The bolt hits the ogre!
You kill the ogre!
Pikel closely misses you. Pikel hits you but does no damage.
Your Ranged Weapons skill increases to level 5!
You have reached level 5!
You shoot a bolt. The bolt barely misses Pikel.
The bolt hits the lemure.
The lemure is lightly wounded.
You block Pikel's attack. x2
Pikel hits you with a +2 whip of flaming.
Pikel burns you.
You shoot a bolt. The bolt completely misses Pikel.
The bolt hits the lemure!
The lemure is heavily wounded.
You block Pikel's attack. Pikel closely misses you.
You shoot a bolt. The bolt hits Pikel but does no damage.
Pikel hits you but does no damage.
Pikel hits you with a +2 whip of flaming.
Pikel burns you.
Pikel hits you with a +2 whip of flaming.
Pikel burns you.
You shoot a bolt. The bolt hits Pikel but does no damage.
Pikel hits you with a +2 whip of flaming!
Pikel burns you.
Pikel hits you with a +2 whip of flaming.
Pikel burns you. Pikel closely misses you. You furiously retaliate!
You headbutt Pikel, but do no damage. You shoot a bolt. The bolt hits Pikel.
Pikel is lightly wounded.
Pikel hits you with a +2 whip of flaming!
Pikel burns you.
You die...

### ### #.. ##.##
#.# ## ##.#.## #.#
..#.#
##.###.###.#5.....
#.## ##...@K55....
##.###.###.###....
#..#..# #.# .
#.....# #..
#.....# ####
#.....# #.....#
###.### #.###


You could see Pikel (fast) and 3 lemures.

Vanquished Creatures
  An ogre (D:4)
  A lemure (D:4)
  A gnoll (D:1)
  2 dart slugs
  An orc (D:3)
  2 ball pythons (D:1)
  5 endoplasms
  2 giant cockroaches
  6 goblins
  7 hobgoblins
  3 jackals (D:1)
  11 kobolds
  5 quokkas
  3 bats
  9 frilled lizards
  5 rats
64 creatures vanquished.

Notes
Turn   | Place    | Note
-------+----------+-------------------------------------------
     0 | D:1      | qw the Minotaur Hexslinger began the quest for the Orb.
     0 | D:1      | Reached XP level 1. HP: 16/16 MP: 1/1
     0 | D:1      | 0 ||| qw: Version: 0.3-a-52-g30416fa
     0 | D:1      | 0 ||| qw: Game counter: 6455
     0 | D:1      | 0 ||| qw: Melee chars always use a shield: true
     0 | D:1      | 0 ||| qw: God list: Okawaru
     0 | D:1      | 0 ||| qw: Allow faded altars: false
     0 | D:1      | 0 ||| qw: Do Orc after clearing Dungeon:15 true
     0 | D:1      | 0 ||| qw: Do second Lair branch before Depths: true
     0 | D:1      | 0 ||| qw: Lair rune preference: random
     0 | D:1      | 0 ||| qw: Goals: Normal
     0 | D:1      | 0 ||| PLANNING D:1-11
    50 | D:1      | Reached skill level 3 in Ranged Weapons
    50 | D:1      | Reached XP level 2. HP: 15/23 MP: 2/2
   134 | D:1      | Found a faded altar of an unknown god.
   299 | D:1      | 299 ||| Stepping ~*~*~tactically~*~*~ (outnumbered).
   304 | D:1      | 304 ||| READING scroll labelled YQOMAY APAMPUC.
   307 | D:1      | 307 ||| READING scroll labelled LOCWUT DEBU.
   307 | D:1      | HP: 6/24 [gnoll/+0 spear (2)]
   411 | D:1      | 411 ||| SWAPPING to +0 shortbow.
   453 | D:1      | 453 ||| DROPPING +1 sling.
   530 | D:1      | Reached XP level 3. HP: 29/29 MP: 3/3
   774 | D:1      | 774 ||| UPGRADING to +0 pair of boots.
   779 | D:1      | 779 ||| UPGRADING to +0 ring mail.
   789 | D:1      | 789 ||| DROPPING +0 robe.
   790 | D:1      | 790 ||| READING scroll labelled NUAJUW XANI.
   791 | D:1      | 791 ||| READING scroll labelled RAEGUMNUERE.
   792 | D:1      | 792 ||| READING scroll labelled LUGAODU SYIT.
   793 | D:1      | 793 ||| READING scroll labelled PUSUERIPOJ.
   794 | D:1      | 794 ||| READING scroll labelled BIDOAKLE TAGO.
   795 | D:1      | 795 ||| DROPPING scroll of poison.
   849 | D:2      | Reached skill level 4 in Ranged Weapons
  1078 | D:2      | Reached skill level 1 in Armour
  1176 | D:2      | 1176 ||| FLEEEEING.
  1367 | D:2      | 1367 ||| UPGRADING to amulet of reflection.
  1372 | D:2      | 1372 ||| UPGRADING to ring of protection from cold.
  1373 | D:2      | 1373 ||| READING scroll labelled KYJUSAPIES.
  1432 | D:3      | Reached XP level 4. HP: 36/36 MP: 4/4
  1600 | D:3      | 1600 ||| READING scroll of enchant armour.
  1600 | D:3      | 1600 ||| ENCHANTING +0 pair of boots.
  1679 | D:3      | Found a transporter.
  1684 | D:3      | Identified the -1 kite shield of Baguzukk {Rampage Drain
                  | Fly rPois}
  1684 | D:3      | Noticed a gnoll sergeant
  1845 | D:3      | 1845 ||| Stepping ~*~*~tactically~*~*~ (water).
  1889 | D:3      | Found a transporter.
  1924 | D:3      | Noticed qw's ghost (amateur GrHs)
  2048 | D:3      | 2048 ||| SWAPPING to +0 arbalest.
  2050 | D:3      | 2050 ||| DROPPING +0 shortbow.
  2122 | D:3      | 2122 ||| UPGRADING to +0 pair of gloves.
  2127 | D:3      | 2127 ||| DRINKING 5 glowing blue potions.
  2128 | D:3      | 2128 ||| READING 2 scrolls of identify.
  2128 | D:3      | 2128 ||| IDENTIFYING fuming purple potion
  2129 | D:3      | 2129 ||| DROPPING potion of degeneration.
  2196 | D:4      | Noticed a lemure
  2196 | D:4      | Noticed an ogre
  2197 | D:4      | Noticed a lemure
  2198 | D:4      | Noticed Pikel
  2199 | D:4      | Noticed a lemure
  2200 | D:4      | Killed a lemure
  2200 | D:4      | Noticed a lemure
  2205 | D:4      | Killed an ogre
  2206 | D:4      | Reached skill level 5 in Ranged Weapons
  2206 | D:4      | Reached XP level 5. HP: 41/41 MP: 5/5
  2210 | D:4      | HP: 3/41 [Pikel/+2 whip of flaming (9)]
  2210 | D:4      | Slain by Pikel

Levels and vault maps discovered:
D:1:      dpeg_arrival_arbitrary_b, layout_rooms,
          hellmonk_ecumenical_altar_lost_god
D:2:      layout_basic, lexackson_kobold_supper
D:3:      layout_basic, gammafunk_ghost_gnarly_gnolls
D:4:      layout_loops_corners, serial_shops, shop, ebering_ghost_gozag,
          uniq_pikel

Skill      XL: |  1  2  3  4 |
---------------+-------------+-----
Ranged Weapons | 3 4 5 |  5.7
Fighting       | 2 |  2.0
Armour         | 1 |  1.0
Dodging        | |  2.1
Spellcasting   | |  1.0
Hexes          | |  2.0

Action                     |  1- 3 |  4- 6 || total
---------------------------+-------+-------++-------
   Fire: Sling             |    40 |       ||    40
         Shortbow          |    80 |    33 ||   113
         Arbalest          |       |    15 ||    15
    Use: Scroll            |     8 |     2 ||    10
         Potion            |       |     1 ||     1
 Armour: Robe              |     4 |       ||     4
         Ring mail         |     1 |     8 ||     9
  Dodge: Dodged            |    30 |     7 ||    37
  Block: Other             |       |     8 ||     8

Table legend:
 A = Non-vault XP
 B = Vault XP
 C = Vault XP percentage of total XP
 D = Non-vault monster count
 E = Vault monster count
 F = Vault count percentage of total count
                 A         B        C        D         E       F
            +---------+---------+-------+---------+---------+-------
      Total |     226 |      12 |   5.0 |      55 |       8 |  12.7
            +---------+---------+-------+---------+---------+-------
        D:1 |      59 |       0 |   0.0 |      26 |       0 |   0.0
        D:2 |      22 |      12 |  35.3 |      14 |       8 |  36.4
        D:3 |      27 |       0 |   0.0 |      14 |       0 |   0.0
        D:4 |     118 |       0 |   0.0 |       1 |       0 |   0.0
            +---------+---------+-------+---------+---------+-------
